 Dungeon Crawl Stone Soup version 0.29.0-4-gdea44cf6ec (webtiles) character file.

Game seed: 10097092212511478257

2 qw the Chopper (level 1, 0/12 HPs)
             Began as a Tengu Warper on Aug 28, 2022.
             Slain by an adder (3 damage)
             ... on level 2 of the Dungeon.
             The game lasted 00:00:01 (100 turns).

qw the Chopper (Tengu Warper)                        Turns: 100, Time: 00:00:01

Health: 0/12       AC:  3    Str: 11    XL:     1   Next: 40%
Magic:  4/4        EV: 11    Int: 13    God:
Gold:   16         SH:  0    Dex: 13    Spells: 4/4 levels left

rFire   . . .      SeeInvis .   a - +0 hand axe
rCold   . . .      Faith    .   (no shield)
rNeg    . . .      Spirit   .   b - +0 leather armour
rPois   .          Reflect  .   (helmet restricted)
rElec   .          Harm     .   (no cloak)
rCorr   .          Rampage  .   (no gloves)
Will    .....                   (boots unavailable)
Stlth   +.........              (no amulet)
HPRegen 0.04/turn               (no ring)
MPRegen 0.09/turn               (no ring)

@: no status effects
A: beak, talons 3
a: no special abilities


You were on level 2 of the Dungeon.
You visited 1 branch of the dungeon, and saw 2 of its levels.

You collected 16 gold pieces.


Innate Abilities, Weirdness & Mutations

You have a beak for a mouth.
You have claws for feet.


   Skills:
 - Level 2.0 Fighting
 + Level 2.5 Axes
 - Level 1.0 Throwing
 - Level 1.1 Armour
 - Level 2.1 Dodging
 - Level 2.0 Spellcasting
 - Level 2.4 Translocations


You had 4 spell levels left.
You didn't know any spells.
Your spell library contained the following spells:

 Spells                   Type           Power      Damage    Failure   Level
 Blink                    Tloc           14%        N/A       19%         2
 Gell's Gravitas          Tloc           7%         N/A       36%         3
 Lesser Beckoning         Tloc           7%         N/A       36%         3
 Teleport Other           Tloc           7%         N/A       36%         3
 Manifold Assault         Tloc           7%         N/A       98%         5

Inventory:

Hand Weapons
 a - a +0 hand axe (weapon)
 i - a +0 club
Missiles
 d - 6 boomerangs of dispersal
 h - a javelin (quivered)
Armour
 b - a +0 leather armour (worn)
Scrolls
 c - a scroll of blinking
 g - a scroll of fear {unknown}
Potions
 e - a potion of lignification {unknown}
 f - 2 potions of curing {unknown}

Dungeon Overview and Level Annotations

Branches:
Dungeon (2/15)

Altars:


Message History

Press: ? - help, Q - select action, (/) - cycle Shift-Dir - straight line, f/p - goblin You throw a javelin.
The javelin pierces through the goblin!
You kill the goblin!
h - a javelin;
i - a +0 club You see here a goblin corpse.
h - 2 javelins (gained 1)
An adder comes into view.
The adder hisses angrily.
Throw: 2 javelins
Press: ? - help, Q - select action, (/) - cycle Shift-Dir - straight line, f - adder You throw a javelin.
The javelin closely misses the adder.
A hobgoblin comes into view.
92 ||| Stepping ~*~*~tactically~*~*~ (stealth).
The hobgoblin shouts!
A dart slug comes into view.
The adder bites you but does no damage.
94 ||| Stepping ~*~*~tactically~*~*~ (hiding).
You barely miss the adder. Your kick misses the adder. The adder bites you.
You are poisoned.
The adder poisons you! The adder bites you but does no damage.
You hit the adder.
The adder is lightly wounded.
You feel sick. The adder closely misses you.
You hit the adder but do no damage. Your peck misses the adder.
The adder is lightly wounded.
You feel sick. The adder bites you but does no damage.
The adder closely misses you.
You hit the adder. You claw the adder.
The adder is severely wounded.
You feel sick. The adder barely misses you.
You miss the adder. You claw the adder.
The adder is almost dead.
You feel sick.
You are no longer poisoned.
The adder bites you. The adder misses you.
You miss the adder.
The adder is almost dead.
The adder bites you.
You die...

###############
#.......>#....#
#.######.#....# #.#
#.#....# #%#
#......########
#.######.#............
#....@.#......########
######S#.....##
#...g#.....##
#.##.#......### #
.##........# g
########.# #. #.### w(
#...## .#. ###..#


You could see an adder and a hobgoblin.

Vanquished Creatures
  A goblin (D:2)
  A kobold (D:2)
2 creatures vanquished.

Notes
Turn   | Place    | Note
-------+----------+-------------------------------------------
     0 | D:1      | qw the Tengu Warper began the quest for the Orb.
     0 | D:1      | Reached XP level 1. HP: 12/12 MP: 4/4
     0 | D:1      | 0 ||| qw: Version: 0.1-a-89-g26bdef1
     0 | D:1      | 0 ||| qw: Game counter: 487
     0 | D:1      | 0 ||| qw: Always use a shield: true
     0 | D:1      | 0 ||| qw: God list: Okawaru
     0 | D:1      | 0 ||| qw: Allow faded altars: false
     0 | D:1      | 0 ||| qw: Do Orc after D:15 true
     0 | D:1      | 0 ||| qw: Do second Lair branch before Depths: true
     0 | D:1      | 0 ||| qw: Lair rune preference: random
     0 | D:1      | 0 ||| qw: Plans: Normal
     0 | D:1      | 0 ||| PLANNING D:1-11
    10 | D:1      | You fall into a shaft and drop 1 floor!
    26 | D:2      | 26 ||| Stepping ~*~*~tactically~*~*~ (stealth).
    29 | D:2      | 29 ||| Stepping ~*~*~tactically~*~*~ (stealth).
    31 | D:2      | 31 ||| Stepping ~*~*~tactically~*~*~ (stealth).
    38 | D:2      | 38 ||| Stepping ~*~*~tactically~*~*~ (stealth).
    92 | D:2      | 92 ||| Stepping ~*~*~tactically~*~*~ (stealth).
    94 | D:2      | 94 ||| Stepping ~*~*~tactically~*~*~ (hiding).
    99 | D:2      | HP: 3/12 [adder (3)]
   100 | D:2      | Slain by an adder

Levels and vault maps discovered:
D:1:      lemuel_arrival_muddy, layout_basic,
          shapermc_ecumenical_altar_hornbeckon, minmay_domino_4
D:2:      layout_basic, serial_shops, shop, st_stairs_8, minmay_tripent,
          uniq_jessica

Action                   || total
-------------------------++-------
Melee: Hand axe          ||     9
       Kick              ||     3
Throw: Javelin           ||     3
       Boomerang         ||     1
Armor: Leather armour    ||     4
Dodge: Dodged            ||     7

Table legend:
 A = Non-vault XP
 B = Vault XP
 C = Vault XP percentage of total XP
 D = Non-vault monster count
 E = Vault monster count
 F = Vault count percentage of total count
                 A         B        C        D         E       F
            +---------+---------+-------+---------+---------+-------
      Total |       4 |       0 |   0.0 |       2 |       0 |   0.0
            +---------+---------+-------+---------+---------+-------
        D:2 |       4 |       0 |   0.0 |       2 |       0 |   0.0
            +---------+---------+-------+---------+---------+-------
